[Event "*** Titled Tuesday Blitz"]
[Site "Chess.com"]
[Date "2021.04.20"]
[Round "6"]
[White "Borsuk_Konstantin"]
[Black "guillembaches"]
[Result "1-0"]
[WhiteElo "2691"]
[BlackElo "2506"]
[TimeControl "180+1"]
[EndTime "11:06:27 PDT"]
[Termination "Borsuk_Konstantin won by checkmate"]

1. d4 Nf6 2. c4 e6 3. Nc3 Bb4 4. Qc2 O-O 5. a3 Bxc3+ 6. Qxc3 d5 7. Nf3 dxc4 8. Qxc4 b6 9. Bf4 Ba6 10. Qxc7 Qxc7 11.
Bxc7 Rc8 12. Bf4 Rc2 13. Rc1 Rxc1+ 14. Bxc1 Nc6 15. e3 Bxf1 16. Rxf1 Rc8 17. Bd2 Na5 18. Bxa5 bxa5 19. Kd1 Ne4 20. Nd2 Nd6 21. a4 f5 22.
b3 Kf7 23. f3 Rc3 24. Ke2 g5 25. g3 h5 26. Rb1 g4 27. Rb2 gxf3+ 28. Kxf3 Kf6 29.
Kf4 Rd3 30. Nc4 Ne4 31. Nxa5 Rd1 32. Kf3 h4 33. gxh4 Rg1 34. Nc6 Rf1+ 35. Kg2 Rc1 36. Nxa7 Nc3 37. a5 Nd5 38. b4 Nxe3+ 39. Kf3 Nc4 40.
Ra2 Rc3+ 41. Kf2 f4 42. b5 f3 43. b6 Nd6 44. Kg3 Ne4+ 45. Kf4 Nd6 46. Rf2 Nc4 47. Rxf3 Rc1 48. b7 Rc3 49. Rxc3 e5+ 50. dxe5+ Nxe5 51. b8=Q Ng6+ 52. Ke4 Kg7 53. Rc7+ Kh6 54. Rc6 Kh5 55.
Rxg6 Kxh4 56. Qh8# 1-0

[Event "*** Titled Tuesday Blitz"]
[Site "Chess.com"]
[Date "2021.04.20"]
[Round "6"]
[White "Nozdrachev_Leonid"]
[Black "Jumbo"]
[Result "0-1"]
[WhiteElo "2550"]
[BlackElo "2798"]
[TimeControl "180+1"]
[EndTime "11:06:28 PDT"]
[Termination "Jumbo won by resignation"]

1. e4 c5 2. c3 d6 3. d4 cxd4 4. cxd4 g6 5. Nf3 Bg7 6. Be2 Nf6 7. Nc3 O-O 8. h3 Nc6 9. O-O Qa5 10. Be3 Bd7 11. a3 Rfc8 12. Rc1 Qd8 13. Re1 Be8 14. e5 dxe5 15. dxe5 Qxd1 16. Bxd1 Nd7 17. e6 fxe6 18. Bb3 Nf8 19. Ng5 Bf7 20. Nce4 Bxb2 21. Rb1 Bf6 22. Nxf7 Kxf7 23. Bh6 Nd4 24. Bxf8 Kxf8 25.
Bxe6 Rc7 26. Bd5 Rb8 27. Kf1 b6 28. Red1 Nc2 29. a4 Rd8 30. Bb3 Nd4 31. g4 Kg7 32. Rd3 e5 33. Rbd1 Be7 34. Ba2 Rf8 35. R1d2 Rf4 36.
Nc3 Nf3 37. Rd1 Rd4 38. Rxf3 Rxc3 39. Rxc3 Rxd1+ 40. Kg2 Bc5 41. Rf3 Rd7 42. Bc4 e4 43. Rf4 Re7 44. Kf1 Bd6 45. Rf8 Kxf8 46. Ke2 Kg7 47. Bd5 e3 48. f3 Bc5 49. h4 Rd7 50. h5 Rxd5 51. h6+ Kxh6 0-1

[Event "*** Titled Tuesday Blitz"]
[Site "Chess.com"]
[Date "2021.04.20"]
[Round "6"]
[White "emperor87"]
[Black "Sanan_Sjugirov"]
[Result "0-1"]
[WhiteElo "2692"]
[BlackElo "2918"]
[TimeControl "180+1"]
[EndTime "11:06:29 PDT"]
[Termination "Sanan_Sjugirov won by resignation"]

1. d4 Nf6 2. Nf3 c5 3. e3 cxd4 4.
exd4 d5 5. Bd3 Bg4 6. O-O Nc6 7.
c3 e6 8. Bf4 Be7 9. Nbd2 Nh5 10. Be3 Qc7 11. h3 Bxf3 12. Qxf3 g6 13. Bh6 Bd6 14.
Rfe1 O-O-O 15. Bb5 Bh2+ 16. Kf1 Bf4 17. Bxf4 Qxf4 18.
Qxf4 Nxf4 19. h4 Kc7 20. g3 Nh5 21. Nf3 Nf6 22. Bxc6 bxc6 23. Ne5 Rhf8 24. b4 Ne4 25. Rec1 a5 26. Kg2 Nd6 27. a3 Ra8 28. c4 f6 29. cxd5 fxe5 30. Rxc6+ Kd7 31. dxe5 Ne4 32. f3 Nd2 33. Rac1 exd5 34. Rd6+ Ke8 35. f4 axb4 36. Rxd5 Nb3 37. Rc2 bxa3 38. Ra2 Ke7 39. Rb5 Nd4 40. Rb4 Rfd8 41. Rc4 Ke6 42. Rc3 Nb5 43. Rb3 Rd5 44.
Kf3 Rad8 45. Kg4 Kf7 46. Kg5 Kg7 47. Kg4 h6 48. h5 g5 49. fxg5 Rxe5 50. Re3 Rxe3 0-1

[Event "*** Titled Tuesday Blitz"]
[Site "Chess.com"]
[Date "2021.04.20"]
[Round "6"]
[White "Artem_Sadovsky"]
[Black "djano"]
[Result "1-0"]
[WhiteElo "2632"]
[BlackElo "2470"]
[TimeControl "180+1"]
[EndTime "11:06:30 PDT"]
[Termination "Artem_Sadovsky won on time"]

1. Nf3 c6 2. c4 d5 3. b3 Nf6 4.
Bb2 g6 5. e3 Bg7 6. Be2 O-O 7.
O-O Bg4 8. d3 Bxf3 9. Bxf3 Nbd7 10. d4 e6 11. Nc3 a5 12. Qe2 Re8 13. Rfd1 Qb8 14. e4 e5 15. cxd5 exd4 16. dxc6 dxc3 17. cxd7 Nxd7 18. Bxc3 Bxc3 19. Rac1 Qc7 20. Rd3 Rac8 21. Bg4 Ne5 22. Rdxc3 Qxc3 23. Rxc3 Rxc3 24. h4 Rd8 25. Bh3 h5 26. Qb5 Ng4 27. Bxg4 hxg4 28. Qxa5 Rd1+ 29. Kh2 Rc2 30. Kg3 Rd3+ 31. f3 Rdd2 32. Kxg4 Rxg2+ 33. Kf4 Rxa2 34. Qd8+ Kg7 35. Qd4+ Kg8 36. Qd8+ Kg7 37. Qd4+ Kg8 38. Qd5 b6 39. Qd8+ Kg7 40. Qxb6 Rh2 41. Qd4+ Kg8 42. Kg5 Ra5+ 43.
Kg4 Rh5 44. Qd8+ Kg7 45. b4 Rg2+ 46. Kf4 Rh2 47. Kg3 Rh1 48. Qd4+ Kg8 49. Qd8+ Kg7 50.
Qd4+ Kg8 51. e5 Rg1+ 52. Qxg1 1-0

[Event "*** Titled Tuesday Blitz"]
[Site "Chess.com"]
[Date "2021.04.20"]
[Round "6"]
[White "jucAxx"]
[Black "Ladislav1969"]
[Result "1/2-1/2"]
[WhiteElo "2135"]
[BlackElo "2316"]
[TimeControl "180+1"]
[EndTime "11:06:31 PDT"]
[Termination "Game drawn - insufficient material"]

1. e4 c5 2. c3 e6 3. d4 Nf6 4. e5 Nd5 5. Nf3 cxd4 6. cxd4 d6 7.
Nc3 dxe5 8. Nxe5 Nc6 9. Nxc6 bxc6 10. Bd3 Bd6 11. Nxd5 cxd5 12. O-O O-O 13. Qh5 g6 14. Qe2 Qf6 15. Be3 Bd7 16. Rac1 Rfc8 17. Qd2 Qd8 18.
Bg5 Be7 19. Bxe7 Qxe7 20. Ba6 Rxc1 21. Rxc1 Qd6 22. Be2 Qb6 23. Rc5 a5 24. Qc3 a4 25.
Rc7 Be8 26. g3 Rb8 27. Rc8 Rxc8 28. Qxc8 Kf8 29. Qc5+ Qxc5 30. dxc5 Ke7 31. b4 axb3 32. axb3 e5 33. Kf1 f5 34. Ke1 Bf7 35. Kd2 d4 36. b4 e4 37. Ba6 Bd5 38. h4 h6 39.
Bc8 Kd8 40. Ba6 Kc7 41. b5 g5 42. hxg5 hxg5 43. Ke2 f4 44. gxf4 gxf4 45. Kd2 Kb8 46.
b6 Bb7 47. Bb5 Kc8 48. c6 e3+ 49. fxe3 dxe3+ 50. Ke2 Kb8 51. cxb7 Kxb7 52. Kf3 Kxb6 53. Be2 Kc5 54. Kxf4 Kd4 55. Bg4 e2 56. Bxe2 1/2-1/2

[Event "*** Titled Tuesday Blitz"]
[Site "Chess.com"]
[Date "2021.04.20"]
[Round "6"]
[White "politeplayer"]
[Black "crazy_but_lazy"]
[Result "1/2-1/2"]
[WhiteElo "2241"]
[BlackElo "2427"]
[TimeControl "180+1"]
[EndTime "11:06:32 PDT"]
[Termination "Game drawn by repetition"]

1. e4 c6 2. d4 d5 3. exd5 cxd5 4. c4 Nf6 5. Nc3 Nc6 6. Nf3 Bg4 7. cxd5 Nxd5 8.
Qb3 Bxf3 9. gxf3 e6 10. Qxb7 Nxd4 11. Bb5+ Nxb5 12. Qc6+ Ke7 13. Qc5+ Qd6 14. Nxd5+ exd5 15. Qxb5 Rb8 16. Qe2+ Qe6 17. Be3 f6 18. O-O Kf7 19. Rfe1 Re8 20. Qd2 Bd6 21. Bf4 Be5 22. Bg3 Qd7 23.
Rad1 Bxg3 24. hxg3 Rxe1+ 25. Rxe1 Re8 26. Rd1 Rd8 27. Qd4 Qe6 28. Kg2 Rd7 29. a4 h5 30. a5 g5 31. Qd3 Kg7 32. b4 d4 33.
Rc1 h4 34. Rc4 hxg3 35. fxg3 Qd5 36. Rc5 Qe6 37. g4 Qd6 38. Rc4 Qf4 39. b5 Qe5 40.
b6 axb6 41. axb6 Qb5 42. Qf5 Qxf5 43. gxf5 d3 44. Rc7 Rxc7 45. bxc7 d2 46. c8=Q d1=Q 47. Qb7+ Kh6 48. Qf7 Qd2+ 49. Kg1 Qe1+ 50. Kg2 Qe2+ 51. Kg1 Qe3+ 52. Kg2 Qe2+ 53. Kg1 Qd1+ 54. Kg2 Qc2+ 55.
Kg3 Qxf5 56. Qf8+ Kh7 57. Qf7+ Kh6 58. Qf8+ Kh5 59. Qh8+ Kg6 60. Qg8+ Kh6 61. Qf8+ 1/2-1/2

[Event "*** Titled Tuesday Blitz"]
[Site "Chess.com"]
[Date "2021.04.20"]
[Round "6"]
[White "AshotParvanyan"]
[Black "CSB7"]
[Result "0-1"]
[WhiteElo "2536"]
[BlackElo "2755"]
[TimeControl "180+1"]
[EndTime "11:06:33 PDT"]
[Termination "CSB7 won by checkmate"]

1. Nf3 d5 2. d4 Nf6 3. c4 c6 4. Qc2 dxc4 5. Qxc4 Bg4 6. Nbd2 Nbd7 7. g3 e6 8. Bg2 Be7 9. O-O O-O 10. b3 Rc8 11.
Bb2 Qa5 12. h3 Bf5 13. a3 h6 14. b4 Qa4 15. Rfc1 Ne4 16. Nxe4 Bxe4 17. Nd2 Bxg2 18.
Kxg2 Nb6 19. Qc2 Qxc2 20. Rxc2 Na4 21. Rac1 a5 22. Ba1 axb4 23. axb4 Bxb4 24. Nb3 Ra8 25. Rc4 Be7 26. e3 Nb6 27. R4c2 Nd5 28. Rb1 Nb4 29. Rc4 Ra7 30. Nc5 Bxc5 31. dxc5 Nd5 32. e4 Nc7 33. Be5 Nb5 34. Rd1 f6 35. Bf4 e5 36.
Be3 Raa8 37. Rd7 Rf7 38. Rxf7 Kxf7 39. Rc2 Ke6 40. f4 exf4 41. gxf4 Ra4 42. Kf3 f5 43. e5 Nc7 44. Rb2 Nb5 45. Rd2 Ra3 46. Rd8 g5 47. fxg5 hxg5 48. Re8+ Kf7 49. Rb8 f4 50. Rxb7+ Ke6 51.
Kg4 fxe3 52. Kf3 Nd4+ 53. Ke4 e2 54. Rb1 Nc2 55. Rb8 e1=Q# 0-1

[Event "*** Titled Tuesday Blitz"]
[Site "Chess.com"]
[Date "2021.04.20"]
[Round "6"]
[White "SmoothAsAHedgehog"]
[Black "KonstantinB_1983"]
[Result "1-0"]
[WhiteElo "2675"]
[BlackElo "2501"]
[TimeControl "180+1"]
[EndTime "11:06:34 PDT"]
[Termination "SmoothAsAHedgehog won on time"]

1. e4 c6 2. Nc3 d5 3. Nf3 dxe4 4.
Nxe4 Nf6 5. Ng3 Bg4 6. h3 Bxf3 7. Qxf3 e6 8. c3 Bd6 9. d4 h6 10. Bd3 Nbd7 11. O-O Qb6 12. Re1 O-O 13. Ne4 Be7 14.
Rb1 Qa5 15. a3 Nxe4 16. Qxe4 Nf6 17. Qe2 Rfe8 18. Be3 Nd5 19. Bd2 Nf6 20. b4 Qc7 21.
Qf3 Rad8 22. Bf4 Qd7 23. Rbd1 Nd5 24. Bd2 Nf6 25. Bc1 Qd5 26. Qe2 Qb3 27. Bb2 Qd5 28.
c4 Qd7 29. Bb1 b5 30. Qc2 bxc4 31. d5 cxd5 32. Bd4 Rc8 33. g4 a5 34. h4 axb4 35.
axb4 Ne4 36. Rxe4 dxe4 37. Qxe4 f5 38. Qe2 Rcd8 39. Bc2 Bxh4 40. Bc3 Qf7 41. Re1 e5 42. Bxf5 Bf6 43. Be4 Qe6 44. Qf3 Qf7 45. Qf5 g6 46. Qf3 Kg7 47. Kg2 Bg5 48. Qe2 Qe6 49. Ra1 Re7 50.
b5 Rf8 51. Ra6 Qf7 52. Rxg6+ Kh8 53. Rxg5 hxg5 54. Qe3 1-0

[Event "*** Titled Tuesday Blitz"]
[Site "Chess.com"]
[Date "2021.04.20"]
[Round "6"]
[White "Rozhkov_V"]
[Black "twitchTriniCupid"]
[Result "1-0"]
[WhiteElo "2430"]
[BlackElo "2225"]
[TimeControl "180+1"]
[EndTime "11:06:35 PDT"]
[Termination "Rozhkov_V won by resignation"]

1. e4 c6 2. d4 d5 3. e5 Bf5 4.
Nd2 e6 5. Nb3 a5 6. a4 Ne7 7.
Be3 Nd7 8. f4 h5 9. Nf3 Bg4 10.
h3 Nf5 11. Bf2 Bxf3 12. Qxf3 Qb6 13. Bd3 Bb4+ 14. Kf1 g6 15. g4 Ng7 16. Bh4 Be7 17.
Bxe7 Kxe7 18. Kg2 Rag8 19. Rhf1 hxg4 20. hxg4 Qb4 21. Rh1 c5 22. Bb5 cxd4 23. Bxd7 Kxd7 24.
Rhd1 Rc8 25. Rac1 d3 26. Rxd3 Rc4 27. Rcd1 Rxc2+ 28. Kg3 Ke7 29. Rd4 Qb6 30. R1d2 Rxd2 31. Rxd2 Rc8 32. Nd4 Rc4 33. Qd3 Qc5 34. b3 Rc3 35. Kf3 Rxd3+ 36. Rxd3 Ne8 37. Ke3 Nc7 38. Kd2 Na6 39. Nb5 Nb4 40. Rc3 Qf2+ 41. Kd1 Qf3+ 42. Rxf3 Kd7 43. Rc3 Nc6 44. Kd2 b6 45. Kd3 Nb4+ 46.
Ke3 Nc6 47. Nd4 Nb4 48. f5 Na2 49. Rc6 gxf5 50. gxf5 Nb4 51. Rxb6 Na2 52. f6 Nc3 53.
Rb7+ Ke8 54. Re7+ Kf8 55. Nxe6+ fxe6 56. Rxe6 Nd1+ 57. Kd4 Nf2 58. Kxd5 Ng4 59. Re7 1-0

[Event "*** Titled Tuesday Blitz"]
[Site "Chess.com"]
[Date "2021.04.20"]
[Round "6"]
[White "Murad_Ibrahimli"]
[Black "elisak43"]
[Result "1-0"]
[WhiteElo "2746"]
[BlackElo "2518"]
[TimeControl "180+1"]
[EndTime "11:06:36 PDT"]
[Termination "Murad_Ibrahimli won by resignation"]

1. Nf3 Nf6 2. b4 g6 3. Bb2 Bg7 4. e3 O-O 5. Be2 d6 6. d4 Nbd7 7. c4 e5 8. O-O e4 9. Nfd2 Re8 10.
Nc3 Nf8 11. a4 h5 12. a5 h4 13. h3 N8h7 14. Re1 Ng5 15. Bf1 Bf5 16. a6 b6 17. Nd5 c6 18. Nxf6+ Qxf6 19. Ra2 Qe7 20. d5 c5 21. Bxg7 Kxg7 22. Qb3 cxb4 23. Qxb4 Rac8 24. Qb2+ f6 25. Qd4 Qe5 26. Qxe5 Rxe5 27. Rb1 Re7 28. Nb3 Nf7 29. Nd4 Bd7 30. Be2 Ne5 31. Rb4 Rc7 32.
Ra3 Re8 33. Kh2 Rec8 34. Rc3 f5 35. f4 Nf7 36. g3 hxg3+ 37. Kxg3 Kf6 38. Rc1 g5 39.
fxg5+ Nxg5 40. h4 Nf7 41. Rf1 Ne5 42. h5 Rg8+ 43. Kf2 Rg5 44. Rh1 Rc8 45. Rbb1 Rcg8 46. Rh2 Rh8 47. h6 Rg6 48. h7 Rg7 49. Rbh1 Nf7 50.
Rh5 Rg5 51. Rxg5 Nxg5 52. Rh6+ Ke7 53. Rh5 Nxh7 54. Bf1 Kf6 55. Bh3 Kg6 56. Rh4 Ng5 57.
Rxh8 f4 58. Bxd7 1-0

[Event "*** Titled Tuesday Blitz"]
[Site "Chess.com"]
[Date "2021.04.20"]
[Round "6"]
[White "champ2005"]
[Black "olksuna"]
[Result "1-0"]
[WhiteElo "2986"]
[BlackElo "2657"]
[TimeControl "180+1"]
[EndTime "11:06:37 PDT"]
[Termination "champ2005 won on time"]

1. d4 Nf6 2. Nf3 e6 3. Bf4 b6 4. e3 Bb7 5. Be2 c5 6. O-O Be7 7. Nbd2 O-O 8. h3 d6 9. Nc4 cxd4 10. exd4 Nd5 11. Bh2 b5 12. Ncd2 b4 13. a3 a5 14. Re1 Re8 15. Bb5 Nc6 16. Qe2 Bf8 17. Rac1 Qb6 18. c4 bxc3 19. bxc3 a4 20. Bd3 h6 21. Ne4 Qd8 22. Rb1 Na5 23. c4 Nf6 24.
Ned2 Bc6 25. Qd1 Nb3 26. Nxb3 axb3 27. Qxb3 Bxf3 28. gxf3 Nh5 29. Be4 Ra5 30. f4 Qh4 31.
Qe3 d5 32. Bg3 Qxh3 33. Bg2 Qf5 34. cxd5 Rxa3 35. Rb3 Rxb3 36. Qxb3 Nxf4 37. Bxf4 Qxf4 38. dxe6 fxe6 39. d5 Bc5 40. Qc2 Rf8 41. Qxc5 exd5 42. Qxd5+ Kh8 43. Qc5 Qf6 44. Qe3 Rf7 45. Qe8+ Rf8 46.
Qe3 Kg8 47. Bd5+ Kh8 48. Qg3 Qd4 49. Bg2 Qf6 50. Re3 Kg8 51. Bd5+ Kh8 52. Kg2 Qf5 53. Be4 Qf6 54. Rf3 Qe7 55. Qg6 1-0

[Event "*** Titled Tuesday Blitz"]
[Site "Chess.com"]
[Date "2021.04.20"]
[Round "6"]
[White "TheRealPeakyBlinder"]
[Black "FGHSMN"]
[Result "1-0"]
[WhiteElo "2643"]
[BlackElo "2488"]
[TimeControl "180+1"]
[EndTime "11:06:38 PDT"]
[Termination "TheRealPeakyBlinder won by checkmate"]

1. d4 Nf6 2. c4 e6 3. g3 d5 4. Bg2 Be7 5. Nf3 O-O 6. Qc2 dxc4 7. Qxc4 c6 8. Qc2 Nbd7 9. O-O c5 10. Rd1 cxd4 11. Nxd4 Bc5 12. Nc3 Qe7 13. Nb3 Bb6 14. Bf4 e5 15. Bd2 Nc5 16. Nxc5 Bxc5 17. Na4 Bd6 18.
Bg5 h6 19. Bxf6 Qxf6 20. Nc3 Bf5 21. Qb3 Bc5 22. Nd5 Qa6 23. Rac1 Bd6 24. Nf6+ gxf6 25. Bxb7 Qxe2 26. Bxa8 Rb8 27. Qe3 Qxe3 28. fxe3 Bf8 29. Bd5 Rxb2 30. Rc7 Bg6 31. Bb3 Bb4 32. Bxf7+ Bxf7 33.
Rd8+ Bf8 34. Rcc8 Rb1+ 35. Kg2 Rb2+ 36. Kf1 Rb1+ 37. Ke2 Rb2+ 38. Kd1 Kg7 39. Rxf8 Rxh2 40. Rfd8 Bh5+ 41. Kc1 Rxa2 42. Rc7+ Kg6 43. e4 Kg5 44.
Rg8+ Bg6 45. Rcg7 Kh5 46. Rxg6 Ra1+ 47. Kb2 Rg1 48. Rg4 Rh1 49. Kb3 a5 50. Ka4 f5 51. exf5 e4 52. f6 e3 53. f7 e2 54.
f8=Q Ra1+ 55. Kb5 Rb1+ 56. Ka6 Rb6+ 57. Kxb6 e1=Q 58. Rh4# 1-0

[Event "*** Titled Tuesday Blitz"]
[Site "Chess.com"]
[Date "2021.04.20"]
[Round "6"]
[White "Hikaru"]
[Black "Msb2"]
[Result "1-0"]
[WhiteElo "3169"]
[BlackElo "2911"]
[TimeControl "180+1"]
[EndTime "11:06:39 PDT"]
[Termination "Hikaru won on time"]

1. Nf3 d5 2. b3 Bg4 3. Bb2 Nd7 4.
d4 e6 5. Nbd2 Ngf6 6. e3 Bd6 7.
h3 Bh5 8. c4 c6 9. Bd3 O-O 10. Qc2 Bg6 11. Bxg6 hxg6 12. O-O Qe7 13. e4 dxe4 14. Nxe4 Nxe4 15. Qxe4 Ba3 16. Bxa3 Qxa3 17. Qc2 Rfd8 18. Rad1 a5 19. Rfe1 Nf6 20. Re3 a4 21.
Ne5 c5 22. b4 Qxb4 23. Rb1 Qa5 24. d5 Qc7 25. dxe6 fxe6 26. Nxg6 Ra6 27. Rbe1 Re8 28.
Re5 Qd6 29. Rg5 Qc7 30. Ne5 Rd6 31. Qg6 Rf8 32. Nf3 b6 33. Rge5 Qf7 34. Qc2 Qd7 35.
R5e2 Re8 36. Ne5 Qa7 37. Re3 Red8 38. Nf3 Qd7 39. a3 Rd1 40. Ng5 Rxe1+ 41. Rxe1 Qd2 42.
Qxd2 Rxd2 43. Rxe6 Rb2 44. Rc6 Kf8 45. Rc7 Rb3 46.
Ne6+ Ke8 47. Nxg7+ Kf8 48. Ne6+ Ke8 49. g4 Rxa3 50. g5 Ne4 51. Ng7+ Kd8 52. Ne6+ Ke8 53. g6 Ra1+ 54. Kg2 Ra2 55. g7 Nf6 56. h4 a3 57. h5 Ra1 58. h6 a2 59. h7 Rg1+ 60. Kxg1 a1=Q+ 61. Kg2 Qa8+ 62. Kh2 Ng4+ 63. Kg3 Qa3+ 64.
Kxg4 1-0

[Event "*** Titled Tuesday Blitz"]
[Site "Chess.com"]
[Date "2021.04.20"]
[Round "6"]
[White "SchmakAttack"]
[Black "Arystanner"]
[Result "1/2-1/2"]
[WhiteElo "2623"]
[BlackElo "2803"]
[TimeControl "180+1"]
[EndTime "11:06:39 PDT"]
[Termination "Game drawn - insufficient material"]

1. Nf3 d5 2. g3 e6 3. Bg2 Nf6 4.
O-O Be7 5. c4 O-O 6. b3 b6 7. Bb2 Bb7 8. cxd5 exd5 9. d4 Na6 10.
Nc3 c5 11. dxc5 Nxc5 12. Rc1 h6 13. Nd4 Re8 14. Nf5 Bf8 15. Qd4 Ne6 16. Qd2 Rc8 17.
Rfd1 Ne4 18. Nxe4 dxe4 19. Qe3 Rxc1 20. Qxc1 Qc8 21. Qe3 Qc5 22. Qxc5 Nxc5 23. Kf1 g6 24. Ne3 Bg7 25. Bxg7 Kxg7 26. Nc4 Ba6 27. Nd6 Re6 28. b4 Na4 29. b5 Nc3 30. Rd4 Nxb5 31. Nxb5 Bxb5 32. Bxe4 Re5 33. f4 Rc5 34. Bd3 Bc6 35. Rc4 Rxc4 36. Bxc4 b5 37. Bb3 a5 38. a3 f5 39. Ke1 Kf6 40. Kd2 Ke7 41. Kc3 Be8 42. Kd4 Kd6 43. Bc2 Bf7 44. e4 fxe4 45. Bxe4 b4 46.
axb4 axb4 47. h4 Ke7 48. Ke5 b3 49. Kd4 Kf6 50. g4 g5 51. hxg5+ hxg5 52. fxg5+ Kxg5 53. Kc3 Kxg4 54. Bc6 Kf4 55. Ba4 b2 56. Kxb2 1/2-1/2

[Event "*** Titled Tuesday Blitz"]
[Site "Chess.com"]
[Date "2021.04.20"]
[Round "6"]
[White "korbul"]
[Black "eCztery"]
[Result "1/2-1/2"]
[WhiteElo "2583"]
[BlackElo "2409"]
[TimeControl "180+1"]
[EndTime "11:06:39 PDT"]
[Termination "Game drawn - insufficient material"]

1. e4 c5 2. Nf3 g6 3. d4 cxd4 4. Nxd4 Nc6 5. Nc3 Bg7 6. Nb3 Nf6 7. Be2 O-O 8. O-O d6 9. Bg5 Be6 10. Re1 Rc8 11. Bf1 h6 12. Bh4 Ne5 13. Nd5 Bxd5 14.
exd5 Nc4 15. Bxc4 Rxc4 16. Bxf6 Bxf6 17. c3 Qc8 18. Qd3 Kg7 19. Re2 a6 20. Nd2 Rg4 21. g3 Qf5 22. Qxf5 gxf5 23. f4 h5 24. Nf3 h4 25.
Kf2 Rh8 26. Rg1 hxg3+ 27. hxg3 Rh3 28. c4 Kg6 29. b4 b6 30. Rc2 e5 31. dxe6 fxe6 32.
c5 bxc5 33. bxc5 dxc5 34. Rxc5 Rh2+ 35. Rg2 Rh1 36. Rc6 Rb1 37. Rxe6 Rb2+ 38. Kg1 Rb1+ 39.
Kh2 Kf7 40. Rxa6 Rg6 41. Ne5+ Bxe5 42. Rxg6 Kxg6 43. fxe5 Re1 44. a4 Rxe5 45. Ra2 Ra5 46. Kg2 Kf6 47. Kf3 Ke5 48. Ke3 Kd5 49. Kf4 Ke6 50. Ra3 Kf6 51. Ke3 Ke5 52. Kd3 Kd5 53. Kc3 Kc5 54. Ra1 Ra8 55. a5 Rg8 56. Rg1 f4 57. g4 f3 58. Kd3 f2 59. Rc1+ Kb5 60. Ke2 Rxg4 61. Kxf2 Kxa5 62. Rd1 Rb4 63. Rd2 Kb5 64. Re2 Ka4 65. Re3 Rb3 66. Re2 Ka3 67. Ke1 Rb2 68. Kf2 Kb3 69. Rxb2+ Kxb2 1/2-1/2

[Event "*** Titled Tuesday Blitz"]
[Site "Chess.com"]
[Date "2021.04.20"]
[Round "6"]
[White "VladaSviridova"]
[Black "DKmirl"]
[Result "1-0"]
[WhiteElo "2265"]
[BlackElo "1878"]
[TimeControl "180+1"]
[EndTime "11:06:39 PDT"]
[Termination "VladaSviridova won by resignation"]

1. d4 d5 2. c4 c6 3. Nf3 Nf6 4.
Nc3 g6 5. e3 Bg7 6. Bd3 O-O 7.
O-O Nbd7 8. b3 b6 9. Bb2 Bb7 10. Rc1 Rc8 11. h3 c5 12. cxd5 cxd4 13. Nxd4 Nxd5 14.
Nxd5 Bxd5 15. e4 Bb7 16. Rxc8 Qxc8 17. Qe2 Nc5 18. Bb1 Rd8 19. Rd1 h6 20. Bc2 Kh7 21. b4 Na6 22. a3 Nc7 23. Bb3 e6 24. Nf3 Rxd1+ 25. Bxd1 Qd7 26. Bxg7 Kxg7 27. Bc2 Ne8 28. Nd2 e5 29. Nc4 Qe6 30. Ne3 Nf6 31. f3 Qd6 32. Kh2 Qd4 33. Nd1 Qa1 34. Qd3 Bc6 35. Ne3 Qd4 36. Qxd4 exd4 37. Nc4 Nd7 38. Bd3 Ne5 39. Nxe5 Bd7 40. Nc4 b5 41. Nb2 Kf6 42. g4 Ke5 43.
Kg3 h5 44. f4+ Kd6 45. g5 Kc6 46. h4 Kb6 47. Bc2 a5 48. Bb3 Bg4 49. Bxf7 Be2 50. Kf2 d3 51. Ke3 axb4 52. axb4 Bf1 53. Nxd3 Bxd3 54. Kxd3 Kc6 55. Kd4 Kd6 56. Bxg6 Kc6 57. Bxh5 1-0

[Event "*** Titled Tuesday Blitz"]
[Site "Chess.com"]
[Date "2021.04.20"]
[Round "6"]
[White "vovachesss"]
[Black "Gulkov_Igor"]
[Result "1-0"]
[WhiteElo "2698"]
[BlackElo "2523"]
[TimeControl "180+1"]
[EndTime "11:06:43 PDT"]
[Termination "vovachesss won on time"]

1. e4 c5 2. Be2 Nc6 3. f4 g6 4. Nf3 Bg7 5. c3 Nf6 6. d3 d6 7. O-O O-O 8. Be3 b5 9. Kh1 b4 10. Nbd2 a5 11. d4 bxc3 12. bxc3 cxd4 13. cxd4 Ba6 14.
Rc1 Bxe2 15. Qxe2 Rc8 16. d5 Nb4 17. Nc4 Nd7 18. a3 Na6 19. Nxd6 exd6 20. Qxa6 Re8 21. Nd2 Rxc1 22. Rxc1 Nf6 23. Qd3 Qe7 24. Rc4 Ng4 25.
Bg1 f5 26. h3 Nh6 27. e5 dxe5 28. d6 Qe6 29. fxe5 Bxe5 30. d7 Rd8 31. Rc8 Rxc8 32.
dxc8=Q+ Qxc8 33. Qd5+ Nf7 34. Nf3 Bf6 35. Qxa5 Kg7 36.
Qd5 Qd8 37. Qc4 Qd1 38. Kh2 Ne5 39. Nxe5 Bxe5+ 40. Kh1 Qd6 41. Qc5 Qxc5 42. Bxc5 Kf7 43. a4 Ke6 44. a5 Kd7 45. a6 Kc6 46. Kg1 Bc7 47. Kf1 Be5 48. Ke2 h5 49. Kd3 g5 50.
Ke2 g4 51. hxg4 fxg4 52. Kd3 h4 53. Ke4 h3 54. gxh3 gxh3 55. a7 Kb7 56. Bg1 h2 57. a8=Q+ 1-0

[Event "*** Titled Tuesday Blitz"]
[Site "Chess.com"]
[Date "2021.04.20"]
[Round "6"]
[White "VinzentSpitzl"]
[Black "ARMQUEEN"]
[Result "1-0"]
[WhiteElo "2423"]
[BlackElo "2238"]
[TimeControl "180+1"]
[EndTime "11:06:43 PDT"]
[Termination "VinzentSpitzl won by resignation"]

1. Nf3 Nf6 2. g3 g6 3. Bg2 Bg7 4. O-O O-O 5. d4 c5 6. c4 cxd4 7. Nxd4 Nc6 8. Nc3 Qa5 9. Nb3 Qh5 10. Nd5 e5 11. c5 d6 12. cxd6 Bh3 13. Bf3 Ng4 14. Re1 e4 15. Nf4 Qb5 16. Bxe4 Qb6 17. Nxh3 Rfe8 18. Bf3 Nge5 19. Be3 Qd8 20. Nf4 Qd7 21.
Rc1 Nxf3+ 22. exf3 Bxb2 23. Rc2 Bg7 24. Nc5 Qf5 25. Nxb7 g5 26. d7 gxf4 27. dxe8=Q+ Rxe8 28. Rxc6 fxe3 29. Rxe3 Rb8 30. Rc7 h6 31. Qd3 Qf6 32.
Qc4 Qa1+ 33. Kg2 Qf6 34. Rc8+ Rxc8 35. Qxc8+ Kh7 36. Qc2+ Kg8 37. Re8+ Bf8 38. Qc8 Qg7 39. Rxf8+ Qxf8 40. Qxf8+ Kxf8 41. f4 Ke7 42. Kf3 Kd7 43.
Nc5+ Kc7 44. Nd3 Kc6 45. Ke4 Kb5 46. Kd4 Ka4 47. Kc3 Ka3 48. Nb4 a5 49. Nc6 a4 50.
Nb4 f5 51. Nc2+ Kxa2 52. Kb4 Kb2 53. Kxa4 Kxc2 54. g4 Kd3 55. gxf5 Ke4 56. f6 Kf3 57. f7 Kg2 58. f8=Q Kxh2 59. Qxh6+ Kg2 60. Qg5+ Kxf2 61. f5 Ke2 62. f6 Kd3 63. f7 Kc4 64. f8=Q Kd4 1-0

[Event "*** Titled Tuesday Blitz"]
[Site "Chess.com"]
[Date "2021.04.20"]
[Round "6"]
[White "yuki_chess123"]
[Black "Qvalda"]
[Result "1-0"]
[WhiteElo "2257"]
[BlackElo "2432"]
[TimeControl "180+1"]
[EndTime "11:06:44 PDT"]
[Termination "yuki_chess123 won by checkmate"]

1. e4 d6 2. d4 Nf6 3. f3 e5 4. d5 Be7 5. c4 Nh5 6. Nc3 Bg5 7. Nge2 a5 8. g3 Bxc1 9. Rxc1 Na6 10.
Rc2 Nc5 11. Nc1 Bd7 12. Nd3 b6 13. Nxc5 bxc5 14. f4 Nf6 15. fxe5 Ng4 16. e6 Ne3 17.
exd7+ Qxd7 18. Qe2 Nxc2+ 19. Qxc2 O-O 20. Bg2 f5 21.
Bh3 Qe7 22. O-O fxe4 23. Be6+ Kh8 24. Qxe4 Rxf1+ 25. Kxf1 Rf8+ 26. Kg2 Qg5 27. Qe2 Qc1 28. Nb5 Rb8 29. b3 Qb1 30. Nxc7 a4 31. Nb5 Rd8 32. Nc3 Qa1 33. Nxa4 Rf8 34. Nb6 Qd4 35. Nd7 Ra8 36. Bg4 h6 37. Be6 Rd8 38. h4 Ra8 39. Nb6 Rb8 40. Nc8 Qa1 41. Nxd6 Ra8 42. Nf7+ Kg8 43. Nxh6+ Kh8 44. Nf7+ Kg8 45. a4 Rb8 46. Ne5+ Kf8 47.
Qf2+ Ke7 48. Qf7+ Kd6 49. Qd7+ Kxe5 50. Qxg7+ Ke4 51. Qxa1 Rxb3 52. Qe1+ Kd4 53. d6 Rxg3+ 54. Kxg3 Kd3 55. d7 Kc2 56. Qe5 Kb3 57. d8=Q Kb4 58. Qec7 Ka3 59. Qxc5+ Kxa4 60. Qa8+ Kb3 61. Qb5+ Kc3 62.
Qa3+ Kd4 63. Qd5# 1-0

[Event "*** Titled Tuesday Blitz"]
[Site "Chess.com"]
[Date "2021.04.20"]
[Round "6"]
[White "elm2007"]
[Black "Koalaskakistis"]
[Result "1-0"]
[WhiteElo "2793"]
[BlackElo "2547"]
[TimeControl "180+1"]
[EndTime "11:06:45 PDT"]
[Termination "elm2007 won on time"]

1. e4 c5 2. Nf3 Nc6 3. Bb5 Nf6 4.
e5 Nd5 5. O-O Nc7 6. Bxc6 dxc6 7. h3 Bf5 8. d3 e6 9. Nc3 Be7 10. Qe2 Nb5 11. Nxb5 cxb5 12. Rd1 Qd5 13. c3 h6 14. a4 bxa4 15. Rxa4 O-O 16. d4 Rfd8 17. Be3 b5 18. Ra5 c4 19. b3 Qc6 20. bxc4 bxc4 21. d5 exd5 22. Nd4 Qg6 23. Nxf5 Qxf5 24. Raxd5 Rxd5 25. Rxd5 Qe4 26. Rd4 Qxe5 27. Qxc4 a5 28. Re4 Qd6 29.
Rd4 Qe6 30. Qa4 Bf6 31. Re4 Qd5 32. Rc4 h5 33. h4 g6 34. Rc5 Qd8 35. g3 Be7 36.
Rc4 Bf6 37. Kg2 Qd5+ 38. Re4 Rc8 39. Kf1 Rxc3 40. Re8+ Kg7 41. Qf4 Qh1+ 42. Ke2 Rc2+ 43. Bd2 Rxd2+ 44. Qxd2 Qa1 45. Qd6 Qb2+ 46. Kf3 Qb7+ 47.
Ke3 Qb3+ 48. Kf4 Qb4+ 49. Qxb4 axb4 50. Rb8 Bc3 51. Ke4 Kf6 52. f3 Kg7 53. Rb6 Kg8 54. g4 Kg7 55. gxh5 gxh5 56. Kf5 f6 57. Rb7+ Kh6 58. f4 1-0